MID
QUAD CITIES RIVER BANDITS @ DELMARVA SHOREBIRDS
08/10/2045
 
TOP OF THE 1ST
Quad Cities River Bandits batting - Pitching for Delmarva Shorebirds : RHP Mike Hurst
Pitching: RHP Mike Hurst
Batting: RHB Edgar Trejo 0-0: Called Strike
0-1: Called Strike
0-2: Foul Ball, location: 2F
0-2: Ball
1-2: Ball
2-2: Strikes out looking
Batting: LHB Mark Dearth 0-0: Called Strike
0-1: Ball
1-1: Called Strike
1-2: Ball
2-2: Strikes out swinging
Batting: RHB Bruce Bermudez 0-0: Called Strike
0-1: Called Strike
0-2: Strikes out swinging
Top of the 1st over - 0 runs, 0 hits, 0 errors, 0 left on base; Quad Cities 0 - Delmarva 0
BOTTOM OF THE 1ST
Delmarva Shorebirds batting - Pitching for Quad Cities River Bandits : RHP Alex Salinas
Pitching: RHP Alex Salinas
Batting: RHB Willie Manrique 0-0: Ball
1-0: SOLO HOME RUN (Flyball, 7D, EV 98.1 MPH), Distance : 384 ft
Batting: RHB Jordan Wallace 0-0: Ball
1-0: SINGLE (Groundball, 56D, EV 105.6 MPH)
Batting: RHB Travis Carter 0-0: Called Strike
0-1: Called Strike
0-2: Strikes out looking
Batting: LHB Tim Mulholland 0-0: Called Strike
0-1: Called Strike
0-2: Ball
1-2: Ball
2-2: Foul Ball, location: 2F
2-2: Strikes out swinging
Batting: RHB Jeremy Sipe 0-0: Ball
1-0: Ball
2-0: Fielders Choice at 2nd, 5-4 (Groundball, 5, EV 81.2 MPH)
Bottom of the 1st over - 1 run, 2 hits, 0 errors, 1 left on base; Quad Cities 0 - Delmarva 1
TOP OF THE 2ND
Quad Cities River Bandits batting - Pitching for Delmarva Shorebirds : RHP Mike Hurst
Batting: RHB Elijah Hunter 0-0: Called Strike
0-1: Called Strike
0-2: Ball
1-2: Ball
2-2: Strikes out swinging
Batting: RHB Justin Olmstead 0-0: Called Strike
0-1: Called Strike
0-2: Ball
1-2: Foul Ball, location: 2F
1-2: Ball
2-2: Strikes out swinging
Batting: RHB Sean Mounts 0-0: Called Strike
0-1: Ball
1-1: Ball
2-1: Ball
3-1: Foul Ball, location: 2F
3-2: DOUBLE (Groundball, 5L, EV 108.8 MPH)
Batting: RHB Chris Miller 0-0: Ball
1-0: Ball
2-0: Foul Ball, location: 2F
2-1: Ground out 5-3 (Groundball, 5, EV 101.9 MPH)
Top of the 2nd over - 0 runs, 1 hit, 0 errors, 1 left on base; Quad Cities 0 - Delmarva 1
BOTTOM OF THE 2ND
Delmarva Shorebirds batting - Pitching for Quad Cities River Bandits : RHP Alex Salinas
Batting: LHB David Best 0-0: Ball
1-0: Foul Ball, location: 2F
1-1: Hit by Pitch
Batting: LHB Antonio Cantu 0-0: Grounds into double play, 4-6-3 (Groundball, 4, EV 80.6 MPH)
Batting: SHB Tyler Myatt 0-0: Ball
1-0: Called Strike
1-1: Ground out 1-3 (Groundball, 34S, EV 60.6 MPH)
Bottom of the 2nd over - 0 runs, 0 hits, 0 errors, 0 left on base; Quad Cities 0 - Delmarva 1
TOP OF THE 3RD
Quad Cities River Bandits batting - Pitching for Delmarva Shorebirds : RHP Mike Hurst
Batting: RHB Evan Fry 0-0: Ground out 4-3 (Groundball, 4, EV 88.1 MPH)
Batting: RHB Ruben Pujols 0-0: Foul Ball, location: 2F
0-1: Ball
1-1: Swinging Strike
1-2: Foul Ball, location: 2F
1-2: Strikes out swinging
Batting: RHB Edgar Trejo 0-0: Ball
1-0: Called Strike
1-1: Ball
2-1: Ground out 6-3 (Groundball, 6, EV 100.0 MPH)
Top of the 3rd over - 0 runs, 0 hits, 0 errors, 0 left on base; Quad Cities 0 - Delmarva 1
BOTTOM OF THE 3RD
Delmarva Shorebirds batting - Pitching for Quad Cities River Bandits : RHP Alex Salinas
Batting: LHB Rodolfo Montes 0-0: Ball
1-0: Bunt missed!
1-1: Ground out 4-3 (Groundball, 4, EV 87.5 MPH)
Batting: RHB Willie Manrique 0-0: Called Strike
0-1: Ball
1-1: Swinging Strike
1-2: Ball
2-2: Ball
3-2: Ground out 4-3 (Groundball, 34, EV 87.5 MPH)
Batting: RHB Jordan Wallace 0-0: Ball
1-0: Ball
2-0: Ball
3-0: Ground out 6-3 (Groundball, 6, EV 80.0 MPH)
Bottom of the 3rd over - 0 runs, 0 hits, 0 errors, 0 left on base; Quad Cities 0 - Delmarva 1
TOP OF THE 4TH
Quad Cities River Bandits batting - Pitching for Delmarva Shorebirds : RHP Mike Hurst
Batting: LHB Mark Dearth 0-0: Foul Ball, location: 2F
0-1: Called Strike
0-2: Strikes out swinging
Batting: RHB Bruce Bermudez 0-0: Called Strike
0-1: Ball
1-1: Called Strike
1-2: Strikes out looking
Batting: RHB Elijah Hunter 0-0: Ball
1-0: Called Strike
1-1: Fly out, F8 (Flyball, 8RM, EV 86.9 MPH)
Top of the 4th over - 0 runs, 0 hits, 0 errors, 0 left on base; Quad Cities 0 - Delmarva 1
BOTTOM OF THE 4TH
Delmarva Shorebirds batting - Pitching for Quad Cities River Bandits : RHP Alex Salinas
Batting: RHB Travis Carter 0-0: Ball
1-0: Called Strike
1-1: Fly out, F9 (Line Drive, 9, EV 91.9 MPH)
Batting: LHB Tim Mulholland 0-0: Called Strike
0-1: Swinging Strike
0-2: Foul Ball, location: 2F
0-2: Ball
1-2: Strikes out swinging
Batting: RHB Jeremy Sipe 0-0: Ball
1-0: Ball
2-0: Ground out 6-3 (Groundball, 6, EV 106.2 MPH)
Bottom of the 4th over - 0 runs, 0 hits, 0 errors, 0 left on base; Quad Cities 0 - Delmarva 1
TOP OF THE 5TH
Quad Cities River Bandits batting - Pitching for Delmarva Shorebirds : RHP Mike Hurst
Batting: RHB Justin Olmstead 0-0: Foul Ball, location: 2F
0-1: Called Strike
0-2: Strikes out swinging
Batting: RHB Sean Mounts 0-0: Called Strike
0-1: Ball
1-1: Ball
2-1: Foul Ball, location: 2F
2-2: Strikes out swinging
Batting: RHB Chris Miller 0-0: Ball
1-0: Ball
2-0: Fly out, F4 (Flyball, 34D, EV 90.0 MPH)
Top of the 5th over - 0 runs, 0 hits, 0 errors, 0 left on base; Quad Cities 0 - Delmarva 1
BOTTOM OF THE 5TH
Delmarva Shorebirds batting - Pitching for Quad Cities River Bandits : RHP Alex Salinas
Batting: LHB David Best 0-0: Ball
1-0: Ball
2-0: Called Strike
2-1: Swinging Strike
2-2: SINGLE (Groundball, 4D, EV 95.0 MPH)
Batting: LHB Antonio Cantu 0-0: Ball
1-0: Ball
2-0: Called Strike
2-1: Ball
3-1: Base on Balls
David Best to second
Batting: SHB Tyler Myatt 0-0: Ball
1-0: DOUBLE (Flyball, 78D, EV 91.2 MPH)
David Best scores
Antonio Cantu to third
Batting: LHB Rodolfo Montes 0-0: Ball
1-0: Ball
2-0: Foul Ball, location: 2F
2-1: Ball
3-1: Base on Balls
Batting: RHB Willie Manrique 0-0: Swinging Strike
0-1: Foul Ball, location: 2F
0-2: Ball
1-2: Fly out, F8 (Flyball, 8RM, EV 91.2 MPH)
Batting: RHB Jordan Wallace 0-0: Ball
1-0: Ball
2-0: Swinging Strike
2-1: Swinging Strike
2-2: Foul Ball, location: 2F
2-2: Foul Ball, location: 2F
2-2: Foul Ball, location: 2F
2-2: Ball
3-2: Fly out, F8 (Flyball, 78XD, EV 75.6 MPH)
Runner from 3rd tags up, SCORES, no throw by CF
Tyler Myatt to third
Batting: RHB Travis Carter 0-0: Called Strike
0-1: Ball
Rodolfo Montes is caught stealing 2nd base 2-4
Bottom of the 5th over - 2 runs, 2 hits, 0 errors, 1 left on base; Quad Cities 0 - Delmarva 3
TOP OF THE 6TH
Quad Cities River Bandits batting - Pitching for Delmarva Shorebirds : RHP Mike Hurst
Batting: RHB Evan Fry 0-0: Ball
1-0: Foul Ball, location: 2F
1-1: Fly out, F6 (Line Drive, 6, EV 66.2 MPH)
Batting: RHB Ruben Pujols 0-0: Foul Ball, location: 2F
0-1: Ball
1-1: Fly out, F4 (Line Drive, 4, EV 70.6 MPH)
Batting: RHB Edgar Trejo 0-0: SINGLE (Flyball, 8LS, EV 91.2 MPH)
Pitching: RHP Josh Blankenship
Batting: LHB Mark Dearth 0-0: Ball
1-0: Called Strike
1-1: Ball
2-1: SINGLE (Flyball, 4MD, EV 89.4 MPH)
Edgar Trejo to second
Batting: RHB Bruce Bermudez 0-0: Called Strike
0-1: Ball
1-1: Called Strike
1-2: Strikes out swinging
Top of the 6th over - 0 runs, 2 hits, 0 errors, 2 left on base; Quad Cities 0 - Delmarva 3
BOTTOM OF THE 6TH
Delmarva Shorebirds batting - Pitching for Quad Cities River Bandits : RHP Alex Salinas
Pitching: RHP Jayson Campbell
Batting: RHB Travis Carter 0-0: Ball
1-0: Ball
2-0: Called Strike
2-1: Ground out 4-3 (Groundball, 4S, EV 85.0 MPH)
Batting: LHB Tim Mulholland 0-0: Ball
1-0: Ball
2-0: Swinging Strike
2-1: Ground out 6-3 (Groundball, 4M, EV 83.1 MPH)
Batting: RHB Jeremy Sipe 0-0: Ball
1-0: Swinging Strike
1-1: Ground out 6-3 (Groundball, 6, EV 77.5 MPH)
Bottom of the 6th over - 0 runs, 0 hits, 0 errors, 0 left on base; Quad Cities 0 - Delmarva 3
TOP OF THE 7TH
Quad Cities River Bandits batting - Pitching for Delmarva Shorebirds : RHP Josh Blankenship
Pitching: RHP Nick Hoag
Now at 1B: Raul Rojas
Batting: RHB Elijah Hunter 0-0: Called Strike
0-1: Ball
1-1: Called Strike
1-2: Ground out 2-3 (Groundball, 15S, EV 64.4 MPH)
Batting: RHB Justin Olmstead 0-0: Fly out, F7 (Flyball, 7LM, EV 85.0 MPH)
Batting: RHB Sean Mounts 0-0: Ball
1-0: Fly out, F5 (Flyball, 5D, EV 93.1 MPH)
Top of the 7th over - 0 runs, 0 hits, 0 errors, 0 left on base; Quad Cities 0 - Delmarva 3
BOTTOM OF THE 7TH
Delmarva Shorebirds batting - Pitching for Quad Cities River Bandits : RHP Jayson Campbell
Pitching: RHP Tim Watson
Batting: LHB David Best 0-0: Foul Ball, location: 2F
0-1: Foul Ball, location: 2F
0-2: Ball
1-2: Strikes out swinging
Batting: LHB Antonio Cantu 0-0: Called Strike
0-1: Ball
1-1: Ball
2-1: Called Strike
2-2: Fly out, F9 (Flyball, 9S, EV 88.8 MPH)
Batting: SHB Tyler Myatt 0-0: Foul Ball, location: 2F
0-1: Swinging Strike
0-2: Ball
1-2: Ball
2-2: Ball
3-2: Base on Balls
Batting: LHB Rodolfo Montes 0-0: Ball
Tyler Myatt is caught stealing 2nd base 2-6
Bottom of the 7th over - 0 runs, 0 hits, 0 errors, 0 left on base; Quad Cities 0 - Delmarva 3
TOP OF THE 8TH
Quad Cities River Bandits batting - Pitching for Delmarva Shorebirds : RHP Nick Hoag
Batting: RHB Chris Miller 0-0: Called Strike
0-1: Ball
1-1: Swinging Strike
1-2: Ball
2-2: Foul Ball, location: 2F
2-2: Ball
3-2: Strikes out swinging
Batting: RHB Evan Fry 0-0: Ball
1-0: Ground out 4-3 (Groundball, 4, EV 85.0 MPH)
Batting: RHB Ruben Pujols 0-0: Called Strike
0-1: DOUBLE (Line Drive, 9LS, EV 106.2 MPH)
Batting: RHB Edgar Trejo 0-0: Called Strike
0-1: Ball
1-1: Ball
2-1: Ground out U3 (Groundball, 3L, EV 85.6 MPH)
Top of the 8th over - 0 runs, 1 hit, 0 errors, 1 left on base; Quad Cities 0 - Delmarva 3
BOTTOM OF THE 8TH
Delmarva Shorebirds batting - Pitching for Quad Cities River Bandits : RHP Tim Watson
Pitching: RHP Willie Jimenez
Batting: LHB Rodolfo Montes 0-0: Ball
1-0: Called Strike
1-1: Foul Ball, location: 2F
1-2: Ball
2-2: Strikes out swinging
Batting: RHB Willie Manrique 0-0: Ball
1-0: Ball
2-0: Called Strike
2-1: Ball
3-1: Foul Ball, location: 2F
3-2: Fly out, F7 (Flyball, 7D, EV 87.5 MPH)
Batting: RHB Jordan Wallace 0-0: Called Strike
0-1: Ball
1-1: Swinging Strike
1-2: Ball
2-2: Strikes out swinging
Bottom of the 8th over - 0 runs, 0 hits, 0 errors, 0 left on base; Quad Cities 0 - Delmarva 3
TOP OF THE 9TH
Quad Cities River Bandits batting - Pitching for Delmarva Shorebirds : RHP Nick Hoag
Pitching: RHP Terry Huffmaster
Batting: LHB Mark Dearth 0-0: Called Strike
0-1: Fly out, F7 (Flyball, 78M, EV 90.6 MPH)
Batting: RHB Bruce Bermudez 0-0: Foul Ball, location: 2F
0-1: Ball
1-1: Foul Ball, location: 2F
1-2: TRIPLE (Flyball, 89XD, EV 90.6 MPH)
Batting: RHB Elijah Hunter 0-0: Ball
1-0: Ball
2-0: Ball
3-0: Called Strike
3-1: Foul Ball, location: 2F
3-2: Strikes out swinging, 2-3 out at first.
Batting: RHB Justin Olmstead 0-0: Called Strike
0-1: Swinging Strike
0-2: Ball
1-2: SINGLE (Line Drive, 8RS, EV 93.1 MPH)
Bruce Bermudez scores
Batting: RHB Sean Mounts 0-0: Ball
1-0: Called Strike
1-1: Called Strike
1-2: Ball
2-2: Strikes out looking
Top of the 9th over - 1 run, 2 hits, 0 errors, 1 left on base; Quad Cities 1 - Delmarva 3
Wednesday, June 22nd , 2022 - OOTP Baseball 23.4 Build 64